 Dungeon Crawl Stone Soup version 0.29.0-4-gdea44cf6ec (webtiles) character file.

Game seed: 10265161785466387880

123 qw the Sneak (level 5, -2/32 HPs)
             Began as a Gargoyle Delver on Sept 10, 2022.
             Killed from afar by a white imp (5 damage)
             ... with a puff of frost
             ... on level 5 of the Dungeon.
             The game lasted 00:00:13 (750 turns).

qw the Sneak (Gargoyle Delver)                       Turns: 750, Time: 00:00:14

Health: -2/32      AC:  7    Str: 17    XL:     5   Next: 7%
Magic:  5/5        EV: 11    Int: 11    God:
Gold:   13         SH:  0    Dex: 11    Spells: 4/4 levels left

rFire   . . .      SeeInvis .   a - +0 hand axe
rCold   . . .      Faith    .   (no shield)
rNeg    + . .      Spirit   .   b - +0 leather armour
rPois   inf        Reflect  .   (no helmet)
rElec   +          Harm     .   (no cloak)
rCorr   .          Rampage  .   (no gloves)
Will    .....                   (no boots)
Stlth   +++.......              (no amulet)
HPRegen 0.10/turn               (no ring)
MPRegen 0.09/turn               (no ring)

@: no status effects
A: sickness immunity, AC +4, negative energy resistance 1, electricity
resistance, torment resistance 1, petrification resistance
a: no special abilities


You were on level 5 of the Dungeon.
You visited 1 branch of the dungeon, and saw 1 of its levels.

You collected 13 gold pieces.


Innate Abilities, Weirdness & Mutations

You are immune to sickness and miasma.
Your stone body is resilient. (AC +4)
You are immune to poison.
You resist negative energy. (rN+)
You are resistant to electric shocks. (rElec)
You are resistant to unholy torment.
You are immune to petrification.


   Skills:
 - Level 3.2 Fighting
 + Level 4.6 Axes
 - Level 1.5 Dodging
 - Level 5.4 Stealth


You had 4 spell levels left.
You didn't know any spells.
Your spell library was empty.

Inventory:

Hand Weapons
 a - a +0 hand axe (weapon)
 i - a +0 mace
Armour
 b - a +0 leather armour (worn)
Wands
 g - a wand of digging (3)
Scrolls
 c - a scroll of fog
 d - a scroll of magic mapping
 e - a scroll of fear
 j - 2 scrolls of immolation {unknown}
Potions
 f - a potion of haste
 h - a potion of mutation {unknown}

Dungeon Overview and Level Annotations

Branches:
Dungeon (5/15)
 Temple: D:4-7

Altars:


Message History

The white imp gestures at you. The puff of frost hits you.
You hit the scorpion.
You kill the scorpion!
You closely miss the white imp. The white imp gestures at you.
The puff of frost misses you.
Your Axes skill increases to level 4!
You have reached level 5!
You barely miss the white imp.
The white imp hits you but does no damage.
You hit the white imp but do no damage. The white imp hits you.
The white imp freezes you.
You hit the white imp.
The white imp is lightly wounded.
The white imp closely misses you.
You hit the white imp but do no damage.
The white imp is lightly wounded.
The white imp barely misses you.
You hit the white imp.
The white imp is severely wounded.
The white imp hits you but does no damage.
You hit the white imp but do no damage.
The white imp is severely wounded.
The white imp shouts, "Take thy face hence, thou mangled onion-eyed gnoll-tail!"
The white imp hits you but does no damage.
You hit the white imp but do no damage.
The white imp is severely wounded.
The white imp barely misses you.
You closely miss the white imp.
The white imp is severely wounded.
The white imp hits you but does no damage.
You closely miss the white imp.
The white imp is severely wounded.
The white imp gestures at you. The puff of frost hits you!
You completely miss the white imp.
The white imp is severely wounded.
The white imp gestures at you. The puff of frost hits you.
You die...

#.?. .##. #.#. ... # #...
#.. .# #### #...##.##.#
..# #.........###### #.##
#.>............###.##
..###!..5.######........
.......@...# #.........
...######.#.#####........
..............###........
.........................
.[....#####.##..#........
.$...# #####.#<.......
....# #.#........ ...#
........... ..#
#....######


You could see a white imp.

Vanquished Creatures
  A scorpion (D:5)
  A jelly (D:5)
  2 adders (D:5)
  A white imp (D:5)
  A dart slug (D:5)
  3 orcs (D:5)
9 creatures vanquished.

Notes
Turn   | Place    | Note
-------+----------+-------------------------------------------
     0 | D:5      | qw the Gargoyle Delver began the quest for the Orb.
     0 | D:5      | Reached XP level 1. HP: 14/14 MP: 1/1
     0 | D:5      | 0 ||| qw: Version: 0.1-a-116-g5d60599
     0 | D:5      | 0 ||| qw: Game counter: 9448
     0 | D:5      | 0 ||| qw: Always use a shield: true
     0 | D:5      | 0 ||| qw: God list: Okawaru
     0 | D:5      | 0 ||| qw: Allow faded altars: false
     0 | D:5      | 0 ||| qw: Do Orc after D:15 true
     0 | D:5      | 0 ||| qw: Do second Lair branch before Depths: true
     0 | D:5      | 0 ||| qw: Lair rune preference: random
     0 | D:5      | 0 ||| qw: Plans: Normal
     0 | D:5      | 0 ||| PLANNING D:1-11
    25 | D:5      | Reached XP level 2. HP: 14/19 MP: 2/2
    65 | D:5      | 65 ||| Stepping ~*~*~tactically~*~*~ (stealth).
    73 | D:5      | 73 ||| Stepping ~*~*~tactically~*~*~ (stealth).
   224 | D:5      | Reached skill level 3 in Axes
   226 | D:5      | Reached XP level 3. HP: 6/23 MP: 3/3
   261 | D:5      | 261 ||| Stepping ~*~*~tactically~*~*~ (stealth).
   267 | D:5      | 267 ||| Stepping ~*~*~tactically~*~*~ (stealth).
   278 | D:5      | HP: 3/23 [dart slug/slug dart (4)]
   589 | D:5      | 589 ||| Stepping ~*~*~tactically~*~*~ (stealth).
   590 | D:5      | 590 ||| Stepping ~*~*~tactically~*~*~ (stealth).
   595 | D:5      | Reached XP level 4. HP: 24/28 MP: 4/4
   632 | D:5      | 632 ||| Stepping ~*~*~tactically~*~*~ (stealth).
   723 | D:5      | Noticed a scorpion
   740 | D:5      | Killed a scorpion
   741 | D:5      | Reached XP level 5. HP: 13/32 MP: 5/5
   749 | D:5      | HP: 3/32 [white imp/puff of frost (7)]
   750 | D:5      | Killed from afar by a white imp

Levels and vault maps discovered:
D:5:      layout_basic, nicolae_tso_besieged_by_evil, grunt_ministairs_8

Skill      XL: |  1  2  3  4 |
---------------+-------------+-----
Axes           | 2 3 4 |  4.6
Fighting       | |  3.2
Dodging        | |  1.5
Stealth        | |  5.4

Action                   |  1- 3 |  4- 6 || total
-------------------------+-------+-------++-------
Melee: Hand axe          |    33 |    31 ||    64
 Stab: Distracted        |     1 |       ||     1
Armor: Leather armour    |     9 |    13 ||    22
Dodge: Dodged            |    18 |    14 ||    32

Table legend:
 A = Non-vault XP
 B = Vault XP
 C = Vault XP percentage of total XP
 D = Non-vault monster count
 E = Vault monster count
 F = Vault count percentage of total count
                 A         B        C        D         E       F
            +---------+---------+-------+---------+---------+-------
      Total |     176 |       0 |   0.0 |       9 |       0 |   0.0
            +---------+---------+-------+---------+---------+-------
        D:5 |     176 |       0 |   0.0 |       9 |       0 |   0.0
            +---------+---------+-------+---------+---------+-------
